 Seeded DCSS version 0.29.1-15-g9cfb28693d (webtiles) character file.

Game seed: 3125986916090331667 (custom seed)

193 Parcival the Conjurer (level 5, -4/32 HPs)
             Began as an Octopode Conjurer on Mar 20, 2023.
             Slain by a black bear (7 damage)
             ... on level 4 of the Dungeon.
             The game lasted 00:12:39 (4760 turns).

Parcival the Conjurer (Octopode Conjurer)           Turns: 4760, Time: 00:12:40

Health: -4/32      AC:  1    Str:  7    XL:     5   Next: 72%
Magic:  2/9        EV: 13    Int: 28    God:
Gold:   321        SH:  0    Dex: 10    Spells: 8/9 levels left

rFire   . . .      SeeInvis .   g - staff of conjuration
rCold   . . .      Faith    .   (no shield)
rNeg    . . .      Spirit   .   (helmet restricted)
rPois   .          Reflect  .   (no amulet)
rElec   .          Harm     .   l - +6 ring of intelligence
rCorr   .          Rampage  .   (no ring)
Will    .....                   (no ring)
Stlth   +++.......              (no ring)
HPRegen 0.10/turn               (no ring)
MPRegen 0.11/turn               (no ring)
                                (no ring)
                                (no ring)

@: very slightly contaminated
A: almost no armour, amphibious, 8 rings, camouflage 1, gelatinous body 1,
(nimble swimmer 1), tentacles
a: no special abilities


You were on level 4 of the Dungeon.
You visited 1 branch of the dungeon, and saw 4 of its levels.
You also visited: Sewer.

You collected 321 gold pieces.

Inventory:

Hand Weapons
 h - a +1 club of flaming
Magical Staves
 g - a staff of conjuration (weapon)
Jewellery
 l - a +6 ring of intelligence (left tentacle)
Wands
 e - a wand of mindburst (16)
Scrolls
 d - 3 scrolls of identify
 f - 4 scrolls of blinking
 j - 2 scrolls of magic mapping
 k - a scroll of butterflies
 n - a scroll of amnesia
 o - a scroll of enchant weapon
 p - a scroll of vulnerability
 q - a scroll of noise
Potions
 a - a potion of magic
 b - a potion of might
 c - 3 potions of haste
 i - 2 potions of degeneration
 m - a potion of mutation
 r - 4 potions of flight


   Skills:
 + Level 0.3 Fighting
 + Level 1.0 Staves
 + Level 2.2 Dodging
 + Level 4.0 Stealth
 + Level 0.9 Unarmed Combat
 + Level 2.8 Spellcasting
 + Level 5.5 Conjurations


You had 8 spell levels left.
You knew the following spells:

 Your Spells              Type           Power      Damage    Failure   Level
a - Magic Dart            Conj           100%       1d8       1%          1

Your spell library contained the following spells:

 Spells                   Type           Power      Damage    Failure   Level
 Searing Ray              Conj           100%       2d8       1%          2
 Sting                    Tmut/Pois      12%        1d3       9%          1
 Dazzling Flash           Conj/Hex       58%        N/A       9%          3
 Poisonous Vapours        Pois/Air       6%         N/A       13%         2
 Fulminant Prism          Conj/Hex       14%        3d9       26%         4
 Iskenderun's Mystic Bla  Conj/Tloc      29%        2d7       26%         4
 Olgreb's Toxic Radiance  Pois           3%         N/A       63%         4


Dungeon Overview and Level Annotations

Branches:
Dungeon (4/15)              Sewer (visited)
 Temple: D:4-7

Altars:
Okawaru


Innate Abilities, Weirdness & Mutations

You cannot wear most types of armour.
You are amphibious.
You can wear up to eight rings at the same time.
Your skin changes colour to match your surroundings (Stealth+).
Your rubbery body absorbs attacks. (AC +1, EV +1)
((You are camouflaged when in or above water. (Stealth+)))
You have tentacles for arms and can constrict up to eight enemies at once.


Message History

Aim: a black bear (moderately wounded, 100% to hit)
You feel a surge of power!
The magic dart hits the black bear!
The black bear is heavily wounded.
Casting: Magic Dart (safe; 1% risk of failure)
Confirm with . or Enter, or press ? or * to list all spells.
Aiming: Magic Dart (safe; 1% risk of failure)
Press: ? - help, Shift-Dir - straight line, f/p - black bear
Aim: a black bear (heavily wounded, 100% to hit)
You feel a surge of power!
The magic dart hits the black bear but does no damage.
The black bear is heavily wounded.
The black bear misses you. The black bear claws you. x2
Casting: Magic Dart (safe; 1% risk of failure)
Confirm with . or Enter, or press ? or * to list all spells.
Aiming: Magic Dart (safe; 1% risk of failure)
Press: ? - help, Shift-Dir - straight line, f/p - black bear
Aim: a black bear (heavily wounded, 100% to hit)
You feel a surge of power!
The magic dart hits the black bear!
The black bear is severely wounded.
The black bear goes berserk!
Casting: Magic Dart (safe; 1% risk of failure)
Confirm with . or Enter, or press ? or * to list all spells.
Aiming: Magic Dart (safe; 1% risk of failure)
Press: ? - help, Shift-Dir - straight line, f/p - black bear
Aim: a black bear (severely wounded, berserk, 100% to hit)
You feel a surge of power!
The magic dart hits the black bear.
The black bear is almost dead.
The black bear closely misses you. The black bear claws you. x2
Casting: Magic Dart (safe; 1% risk of failure)
Confirm with . or Enter, or press ? or * to list all spells.
Aiming: Magic Dart (safe; 1% risk of failure)
Press: ? - help, Shift-Dir - straight line, f/p - black bear
Aim: a black bear (almost dead, berserk, 100% to hit)
You feel a surge of power!
You miscast Magic Dart.
You are very lightly contaminated with residual magic.
Nothing appears to happen.
The black bear barely misses you. x3
The black bear bites you!
* * * LOW HITPOINT WARNING * * *
The black bear claws you!
You die...

#.# +## #.##### ...
#.....# ###.)..## ....
+.....# ........#### .....
#.....# ........#..##.....
#.†...# ........#.........
#.....# ........#..h......
#<...## ........#.@#
###'###
........#..#########.....+
........'...#............#
........#...#............#
........#####............#
#######.....#.....###'##.#
#.....'.....##..##.##
#.....#'######.......
#.....#.....##.......


You could see a black bear (berserk).

Vanquished Creatures
  8 adders
  A river rat (Sewer)
  4 worms
  5 endoplasms
  3 giant cockroaches
  4 goblins
  2 hobgoblins (D:1)
  6 jackals
  3 kobolds
  4 quokkas
  9 ball pythons
  12 bats
  5 frilled lizards
  10 rats
76 creatures vanquished.

Vanquished Creatures (collateral kills)
  2 adders (Sewer)
  A river rat (Sewer)
  A ball python (Sewer)
4 creatures vanquished.

Vanquished Creatures (others)
  5 toadstools (D:1)
5 creatures vanquished.

Grand Total: 85 creatures vanquished

Notes
Turn   | Place    | Note
-------+----------+-------------------------------------------
     0 | D:1      | Parcival the Octopode Conjurer began the quest for the Orb.
     0 | D:1      | Reached XP level 1. HP: 11/11 MP: 3/3
   715 | D:1      | Reached XP level 2. HP: 17/17 MP: 1/5
  1184 | D:1      | Found a faded altar of an unknown god.
  1773 | D:2      | Reached XP level 3. HP: 21/21 MP: 4/6
  1894 | D:2      | Reached skill level 5 in Conjurations
  2348 | D:2      | Reached XP level 4. HP: 27/27 MP: 3/7
  2753 | D:3      | Found an iron altar of Okawaru.
  3009 | D:3      | Found a glowing drain.
  3013 | Sewer    | Entered a sewer
  3366 | Sewer    | Reached XP level 5. HP: 31/31 MP: 5/8
  4688 | D:4      | Reached skill level 1 in Staves
  4752 | D:4      | Noticed a black bear
  4760 | D:4      | Slain by a black bear

Illustrated notes

Levels and vault maps discovered:
D:1:      amcnicky_arrival_single_pillar, layout_loops_corners,
          shapermc_ecumenical_altar_mp_ritualfount, minmay_gold_behind_fungi
D:2:      layout_loops_cross
D:3:      layout_rooms, okawaru_trees_1, gup_sewer_entry_spiral
D:4:      layout_gridville, worldfamousw_hep_ancestral_shrine, enter_ossuary_4

Skill      XL: |  1  2  3  4  5 |
---------------+----------------+-----
Conjurations   | 5 |  5.5
Stealth        | 3 4 |  4.0
Staves         | 1 |  1.0
Fighting       | |  0.3
Dodging        | |  2.2
Unarmed Combat | |  0.9
Spellcasting   | |  2.8

Action                   |  1- 3 |  4- 6 || total
-------------------------+-------+-------++-------
Melee: Unarmed           |    12 |       ||    12
       Tentacles         |     3 |     8 ||    11
       Constrict         |     2 |     9 ||    11
       Staff             |       |    45 ||    45
 Cast: Magic Dart        |    59 |    69 ||   128
  Use: Scroll            |     4 |    12 ||    16
       Potion            |       |     2 ||     2
 Stab: Sleeping          |       |     3 ||     3
Armor: Skin              |     1 |     2 ||     3
Dodge: Dodged            |     8 |    58 ||    66
